 Dungeon Crawl Stone Soup version 0.17-a0-1078-g243345b (webtiles) character file.

17109 RobertPalmer the Carver (level 12, -1/106 HPs)
             Began as a Naga Chaos Knight on May 19, 2015.
             Slain by a worm (5 damage)
             ... on level 1 of the Lair of Beasts.
             The game lasted 00:37:48 (13328 turns).

RobertPalmer the Carver (Naga Chaos Knight)        Turns: 13328, Time: 00:37:48

Health: -1/106     AC: 15    Str: 20    XL:     12   Next: 44%
Magic:  12/12      EV: 14    Int: 19    God:    Xom [...*..]
Gold:   1074       SH:  0    Dex: 11    Spells: 0 memorised, 11 levels left

rFire  + . .     SeeInvis +     a - +1 scimitar (elec)
rCold  . . .     Clarity  .     F - +3 troll leather armour {regen}
rNeg   . . .     SustAb   .     (no shield)
rPois  +         Gourm    +     (helmet restricted)
rElec  .         Spirit   .     w - +0 cloak
rCorr  .         Warding  .     K - +2 pair of gloves
rMut   .         Rnd*Tele +     (no barding)
MR     +++..                    k - amulet of the gourmand {Gourm, !d}
Stlth  +.........               d - +3 ring of strength
                                r - ring of protection from fire {rF+, !d}

@: very slow, extremely resistant to hostile enchantments, very unstealthy
A: horns 1, stinger 1, molten scales 1, see invisible, clever 1, deformed body,
magic resistance 2, poison resistance, robust 1, slowness 2, slow metabolism 1,
spit poison 3, strong 1, teleportitis 1, AC +4
a: Breathe Poison Gas, Renounce Religion


You were on level 1 of the Lair of Beasts.
You worshipped Xom.
You were a favourite toy of Xom.
You were completely stuffed.

You visited 3 branches of the dungeon, and saw 15 of its levels.
You also visited: Volcano.

You collected 1074 gold pieces.

Inventory:

Hand weapons
 a - a +1 scimitar of electrocution (weapon)
   (You took it off an orc warrior on level 1 of the Orcish Mines)
 b - a +3 scimitar of flaming
   (You found it in a volcano)
Missiles
 y - a throwing net {=f, !d}
Armour
 w - a +0 cloak (worn)
   (You found it on level 5 of the Dungeon)
 F - a +3 troll leather armour (worn) {regen}
   (You found it on level 11 of the Dungeon)
 I - a +0 fire dragon armour {rF++, rC-}
   (You found it in a volcano)
 K - a +2 pair of gloves (worn)
   (You found it on level 8 of the Dungeon)
Jewellery
 d - a +3 ring of strength (right hand)
   (You found it on level 4 of the Dungeon)
 k - an amulet of the gourmand (around neck) {Gourm, !d}
   (Xom gifted it to you on level 5 of the Dungeon)
 m - an uncursed ring of positive energy {rN+}
   (You found it on level 3 of the Dungeon)
 p - an uncursed amulet of guardian spirit {Spirit}
   (You took it off a hobgoblin on level 3 of the Dungeon)
 r - a ring of protection from fire (left hand) {rF+, !d}
   (You found it on level 5 of the Dungeon)
 D - a +3 ring of intelligence
   (You found it on level 7 of the Dungeon)
Magical devices
 H - a wand of draining (1)
   (You found it on level 7 of the Dungeon)
Scrolls
 g - 5 scrolls of remove curse
 o - a scroll of recharging
 x - a scroll of blinking {!r}
 E - a scroll of identify
 L - a scroll of amnesia
Potions
 e - 2 potions of curing
 h - 2 potions of mutation {!q}
 i - a potion of haste
 j - a potion of lignification {!q}
 l - 4 potions of berserk rage {!q}
 n - a potion of might {unknown}
 q - 2 potions of degeneration {!q}
 t - a potion of agility {unknown}
 u - 3 potions of brilliance
 v - 3 potions of resistance {unknown}
 z - 2 potions of flight
 C - a potion of magic {unknown}
Books
 A - a book of Summonings
   (You found it on level 11 of the Dungeon)
 J - a book of Flames
   (You found it on level 7 of the Dungeon)
Comestibles
 c - 7 bread rations {@e1}
 f - 6 fruits
 s - 12 royal jellies
 B - 10 slices of pizza
 G - 3 meat rations {@e2}


   Skills:
 - Level 3.0 Fighting
 - Level 14.3 Long Blades
 + Level 3.9 Armour
 - Level 11.0 Dodging


You had 11 spell levels left.
You didn't know any spells.

Dungeon Overview and Level Annotations

Branches:
Dungeon (12/15)            Temple (0/1) D:6            Lair (1/8) D:10
    Orc (2/4) D:10

Altars:
Cheibriados
Gozag
Makhleb
Nemelex Xobeh
Okawaru
Xom
The Shining One
Beogh

Shops:
D:12 %   Orc:1 :

Portals:
Trove: D:12 (give 16 potions of curing)


Innate Abilities, Weirdness & Mutations

You cannot wear boots.
Your serpentine skin is tough (AC +4).
You have supernaturally acute eyesight.
Armour fits poorly on your strangely shaped body.
Your system is resistant to poisons.
You cover ground very slowly.
You have a slow metabolism.
You can exhale a cloud of poison.
You have a pair of small horns on your head.
Your tail ends in a poisonous barb.
You are partially covered in molten scales (AC +1).
Your mind is acute. (Int +2)
You are highly resistant to hostile enchantments.
You are robust (+10% HP).
Your muscles are strong. (Str +2)
You are occasionally teleported to nearby monsters.


Message History

You slash the plant!
You destroy the plant!
The worm splashes around in the water.
Health restored: 106 You hit the plant.
There is a sudden explosion of sparks!
You headbutt the plant, but do no damage.
You tail-slap the plant.
The worm bites the plant but does no damage.
You hit the plant but do no damage. You hit the plant but do no damage.
You tail-slap the plant, but do no damage.
The worm splashes around in the water.
You slash the plant!
There is a sudden explosion of sparks!
You destroy the plant!
You hit the swamp worm.
There is a sudden explosion of sparks!
You headbutt the swamp worm, but do no damage.
You tail-slap the swamp worm, but do no damage.
You slash the swamp worm!
The swamp worm bites you but does no damage.
You hit the swamp worm.
There is a sudden explosion of sparks!
You kill the swamp worm!
You barely miss the swamp worm. You headbutt the swamp worm.
The swamp worm closely misses you.
You slash the swamp worm!
There is a sudden explosion of sparks!
Your headbutt misses the swamp worm. You closely miss the swamp worm.
The swamp worm bites you but does no damage.
You hit the swamp worm but do no damage.
You headbutt the swamp worm. The swamp worm barely misses you.
You closely miss the swamp worm. Your headbutt misses the swamp worm.
You tail-slap the swamp worm, but do no damage.
The swamp worm closely misses you.
You slash the swamp worm!
You kill the swamp worm!
You hear a splash.
You slash the swamp worm! Your headbutt misses the swamp worm.
The swamp worm bites you!!
You take 19 damage, and have 87/106 hp.
You slash the swamp worm! Your headbutt misses the swamp worm.
The swamp worm misses you.
You slash the swamp worm! You headbutt the swamp worm.
You kill the swamp worm!
You hear a splash.
The swamp worm bites you.
The swamp worm bites you but does no damage.
The swamp worm barely misses you. The worm bites you but does no damage.
Things that are here:
a swamp worm corpse x2
You take 3 damage, and have 85/106 hp.
You closely miss the swamp worm. You headbutt the swamp worm.
Your tail-slap misses the swamp worm.
The swamp worm barely misses you. The swamp worm misses you.
You hit the swamp worm. Your headbutt misses the swamp worm.
The swamp worm bites you!! The swamp worm bites you.
The worm splashes around in the water.
You take 23 damage, and have 62/106 hp.
MASSIVE DAMAGE!! "Hum-dee-hum-dee-hum..."
The worm seems to slow down.
The swamp worm barely misses you.
You regained 2 hp, and now have 64/106 hp.
You slash the swamp worm!
Your tail-slap misses the swamp worm.
The swamp worm bites you!
You take 11 damage, and have 53/106 hp.
You slash the swamp worm!
The swamp worm bites you but does no damage.
You barely miss the swamp worm.
You headbutt the swamp worm, but do no damage.
The swamp worm bites you.
You take 5 damage, and have 49/106 hp.
You closely miss the swamp worm. You hit the swamp worm.
There is a sudden explosion of sparks!
You kill the swamp worm!
You hear a splash.
You barely miss the swamp worm.
Your tail-slap misses the swamp worm.
The swamp worm bites you!
You take 9 damage, and have 41/106 hp.
You slash the swamp worm! You closely miss the swamp worm.
The swamp worm misses you.
You closely miss the swamp worm. You headbutt the swamp worm.
You tail-slap the swamp worm, but do no damage.
The swamp worm bites you but does no damage.
You hit the swamp worm but do no damage.
Your tail-slap misses the swamp worm.
The swamp worm completely misses you.
You closely miss the swamp worm. You headbutt the swamp worm.
Your tail-slap misses the swamp worm.
The swamp worm bites you!
You take 8 damage, and have 35/106 hp.
You closely miss the swamp worm.
Your tail-slap misses the swamp worm.
The swamp worm bites you but does no damage.
You hit the swamp worm.
There is a sudden explosion of sparks!
You headbutt the swamp worm, but do no damage.
You slice the swamp worm!!
You kill the swamp worm!
You hear a splash.
The swamp worm bites you!
* * * LOW HITPOINT WARNING * * *
The swamp worm completely misses you. The worm bites you but does no damage.
The worm bites you but does no damage. The swamp worm bites you!!
* * * LOW HITPOINT WARNING * * *
The worm misses you. The worm bites you.
You die...

...8..†#.....##
.......##....≈≈≈≈≈≈≈.
..#.#.....#..........
.#..##.....#.........
...####..8.+....≈≈≈≈
...##.#.......≈≈≈≈≈
...##...#.##.≈≈≈#######
#..##.....##.≈≈P#wwww≈##
..[P#........≈≈≈@wwww≈?#
...........†.≈≈P#www≈≈##
..........>..≈≈≈#######
..............≈≈≈≈≈
..........#P#...≈≈≈≈
..........###........
..P.#..... #...##...
......... ##... .#.


You could see a swamp worm and 10 worms.

Vanquished Creatures
  The ghost of RobertPalmer the Carver, a powerful NaCK of Xom (Orc:1)
  2 ugly things
  4 hill giants
  A cyclops (D:12)
  A manticore (shapeshifter) (D:11)
  2 centaur zombies (D:12)
  A gargoyle (D:11)
  A black mamba (Lair:1)
  A spiny frog (Lair:1)
  A komodo dragon (Lair:1)
  A two-headed ogre (Volcano)
  3 trolls
  3 deep elf magi
  Sigmund (D:3)
  A wraith (D:11)
  5 yaks (D:11)
  A deep elf fighter (Volcano)
  A fire bat (Volcano)
  2 hogs (Volcano)
  2 wargs
  5 swamp worms (Lair:1)
  3 wolves (D:10)
  A water moccasin (Lair:1)
  12 orc warriors
  An ice beast (D:12)
  2 porcupines
  A necrophage (D:12)
  2 phantoms
  4 sky beasts
  4 ogres
  2 big kobolds
  3 centaurs
  10 giant frogs
  2 crocodiles (Lair:1)
  A wyvern zombie (D:7)
  A water moccasin zombie (D:5)
  2 scorpions (D:10)
  3 wights (D:11)
  2 electric eels (D:10)
  6 crimson imps
  A quasit (D:11)
  4 jellies
  9 orc priests
  10 orc wizards
  4 centaur skeletons
  3 giant frog skeletons
  9 hounds
  4 iguanas
  8 worker ants
  The ghost of 4thArraOfDagon the Skirmisher, a weakling CeAK of Lugonu (D:6)
  2 hound zombies
  7 river rats (Lair:1)
  5 gnolls
  11 adders
  A shadow imp (D:5)
  An ooze (D:1)
  A worm (D:3)
  4 giant geckos
  103 orcs
  2 ball pythons
  A bat skeleton (D:6)
  6 giant cockroaches
  27 goblins
  25 hobgoblins
  20 jackals
  21 kobolds
  3 quokkas
  17 bats
  4 giant newts
  A giant newt (shapeshifter) (D:4)
  14 rats
  2 plants (Lair:1)
433 creatures vanquished.

Vanquished Creatures (collateral kills)
  A hungry ghost (D:10)
  The ghost of 4thArraOfDagon the Chopper, an average OpBe of Trog (D:4)
  2 ogres (D:4)
  A crocodile (D:5)
  A giant frog skeleton (D:5)
  2 hounds (D:4)
  An orc (D:5)
  A giant cockroach (D:4)
10 creatures vanquished.

Vanquished Creatures (others)
  An orc wizard (D:4)
  2 gnolls (D:4)
  An orc (D:4)
  A hobgoblin (D:4)
  A kobold (D:10)
6 creatures vanquished.

Grand Total: 449 creatures vanquished

Notes
Turn   | Place    | Note
--------------------------------------------------------------
     0 | D:1      | RobertPalmer the Naga Chaos Knight began the quest for the Orb.
     0 | D:1      | Reached XP level 1. HP: 21/21 MP: 1/1
   187 | D:1      | Reached XP level 2. HP: 24/28 MP: 2/2
   497 | D:1      | XOM: cast spell 'Beastly Appendage'
   508 | D:1      | Reached skill level 4 in Long Blades
   533 | D:1      | Reached XP level 3. HP: 27/34 MP: 3/3
   634 | D:1      | XOM: cast spell 'Beastly Appendage'
   727 | D:1      | XOM: mild Chrm miscast
   759 | D:1      | XOM: harmless Hex miscast
   924 | D:2      | XOM: colour smoke trail
   936 | D:2      | Reached XP level 4. HP: 13/42 MP: 4/4
  1096 | D:2      | XOM: 8-stop teleportation journey
  1395 | D:2      | Reached skill level 5 in Long Blades
  1528 | D:2      | XOM: noise
  1762 | D:3      | XOM: noise
  1894 | D:3      | XOM: 4-stop teleportation journey
  1924 | D:3      | XOM: give mutations
  1924 | D:3      | Gained mutation: You are resistant to hostile enchantments. [Xom's grace]
  1924 | D:3      | Gained mutation: You are highly resistant to hostile enchantments. [Xom's grace]
  2031 | D:3      | XOM: scenery: create altars
  2168 | D:3      | Reached XP level 5. HP: 47/49 MP: 5/5
  2247 | D:3      | XOM: god gift: fuming white potion
  2372 | D:3      | Noticed Sigmund
  2398 | D:3      | Gained mutation: Your muscles are strong. (Str +2) [potion of mutation]
  2398 | D:3      | Gained mutation: You are partially covered in molten scales (AC +1). [potion of mutation]
  2400 | D:3      | Killed Sigmund
  2400 | D:3      | Reached skill level 6 in Long Blades
  2400 | D:3      | Reached XP level 6. HP: 17/56 MP: 1/6
  2401 | D:3      | XOM: harmless Chrm miscast
  2958 | D:4      | Noticed 4thArraOfDagon's ghost (average OpBe)
  2972 | D:4      | XOM: confuse monster(s)
  2982 | D:4      | Killed 4thArraOfDagon's ghost
  2982 | D:4      | Reached skill level 7 in Long Blades
  3028 | D:4      | XOM: destruction
  3040 | D:4      | Reached XP level 7. HP: 38/62 MP: 2/7
  3220 | D:4      | XOM: summons 4 friendly demons
  3224 | D:4      | Reached skill level 8 in Long Blades
  3244 | D:4      | Noticed a smoke demon
  3244 | D:4      | a soul eater changed into a smoke demon
  3321 | D:4      | XOM: god gift: fizzy purple potion
  3343 | D:4      | Found a glowing golden altar of the Shining One.
  3348 | D:4      | Found a burning altar of Makhleb.
  3421 | D:4      | XOM: give mutation
  3421 | D:4      | Gained mutation: You are robust (+10% HP). [Xom's grace]
  3560 | D:4      | XOM: give mutations
  3560 | D:4      | Gained mutation: Your mind is acute. (Int +2) [Xom's grace]
  3560 | D:4      | Gained mutation: Your tail ends in a poisonous barb. [Xom's grace]
  3560 | D:4      | Gained mutation: Your muscles are very strong. (Str +4) [Xom's grace]
  3560 | D:4      | Gained mutation: You have a pair of small horns on your head. [Xom's grace]
  3578 | D:4      | XOM: polymorph giant cockroach -> ball python
  3732 | D:4      | XOM: fog
  3736 | D:4      | XOM: divine lightning (protected)
  3796 | D:4      | Found a snail-covered altar of Cheibriados.
  3936 | D:5      | Entered Level 5 of the Dungeon
  3984 | D:5      | Reached skill level 9 in Long Blades
  3987 | D:5      | XOM: god gift: blackened blue amulet {god gift}
  3996 | D:5      | Found a sparkling altar of Nemelex Xobeh.
  4087 | D:5      | Noticed Edmund
  4088 | D:5      | Noticed Edmund
  4088 | D:5      | Edmund changed into Edmund the crocodile
  4088 | D:5      | XOM: polymorph Edmund -> Edmund the crocodile
  4095 | D:5      | XOM: summons friendly red devil
  4098 | D:5      | Killed Edmund the crocodile
  4098 | D:5      | Reached XP level 8. HP: 72/75 MP: 8/8
  4236 | D:5      | Reached skill level 1 in Dodging
  4257 | D:5      | XOM: mild Chrm miscast
  4316 | D:5      | Found a shimmering altar of Xom.
  4317 | D:5      | XOM: silly message
  4605 | D:5      | XOM: harmless Air miscast
  4609 | D:5      | Reached skill level 2 in Dodging
  4782 | D:5      | XOM: medium Erth miscast
  4829 | D:5      | XOM: harmless Fire miscast
  4926 | D:6      | Noticed 4thArraOfDagon's ghost (weakling CeAK)
  5091 | D:5      | XOM: medium Chrm miscast
  5112 | D:6      | Killed 4thArraOfDagon's ghost
  5120 | D:6      | Reached skill level 3 in Dodging
  5263 | D:6      | Found a staircase to the Ecumenical Temple.
  5351 | D:6      | Found an iron altar of Okawaru.
  5354 | D:6      | Reached skill level 4 in Dodging
  5410 | D:6      | XOM: potion effect (berserk rage)
  5590 | D:6      | Got a faintly humming robe
  5591 | D:6      | Identified the +0 robe of Greed {+Inv MR+} (You found it on level 6 of the Dungeon)
  5887 | D:6      | XOM: give mutations
  5887 | D:6      | Gained mutation: You can exhale a cloud of poison. [Xom's mischief]
  5887 | D:6      | Gained mutation: You are occasionally teleported to nearby monsters. [Xom's mischief]
  5887 | D:6      | Lost mutation: Your muscles are very strong. (Str +4) [Xom's mischief]
  5925 | D:6      | Found an opulent altar of Gozag.
  6012 | D:6      | Reached skill level 5 in Dodging
  6108 | D:7      | Reached XP level 9. HP: 72/82 MP: 9/9
  6349 | D:7      | XOM: cast spell 'Dragon Form'
  6511 | D:7      | Reached skill level 6 in Dodging
  6657 | D:7      | XOM: silly message
  6687 | D:7      | XOM: medium Fire miscast
  6771 | D:7      | XOM: silly message
  6896 | D:7      | XOM: medium Ice miscast
  7226 | D:7      | XOM: mild Tloc miscast
  7272 | D:8      | Reached skill level 7 in Dodging
  8063 | D:9      | XOM: harmless Erth miscast
  8095 | D:9      | Reached skill level 10 in Long Blades
  8144 | D:9      | XOM: smoke on damage
  8306 | D:9      | XOM: medium Hex miscast
  8331 | D:10     | Entered Level 10 of the Dungeon
  8409 | D:10     | Noticed a centaur skeleton
  8421 | D:10     | Killed a centaur skeleton
  8421 | D:10     | Reached XP level 10. HP: 80/92 MP: 10/10
  8428 | D:10     | Reached skill level 11 in Long Blades
  8648 | D:10     | Noticed a hill giant
  8744 | D:10     | Found a roughly hewn altar of Beogh.
  8744 | D:10     | Found a staircase to the Orcish Mines.
  8761 | D:10     | HP: 18/92 [orc warrior/war axe (11)]
  8766 | D:10     | HP: 21/92 [orc warrior/war axe (9)]
  9046 | D:10     | XOM: colour smoke trail
  9052 | D:10     | Reached skill level 12 in Long Blades
  9077 | D:10     | Found a staircase to the Lair.
  9105 | D:10     | XOM: 3-stop teleportation journey
  9119 | D:10     | HP: 16/92 [electric eel/bolt of electricity (11)]
  9133 | D:10     | Killed a hill giant
  9145 | D:10     | XOM: vitrification
  9587 | D:10     | Noticed a hill giant
  9597 | D:10     | XOM: god gift: 10 royal jellies
  9604 | D:10     | Killed a hill giant
  9702 | D:10     | XOM: summons friendly iron imp
  9743 | D:10     | XOM: 1-stop teleportation journey
  9813 | D:10     | Reached skill level 13 in Long Blades
  9813 | D:10     | XOM: scenery: 2 doors close
  9983 | D:11     | XOM: enchant monster (bad)
  9987 | D:11     | Reached XP level 11. HP: 63/99 MP: 11/11
 10009 | D:11     | XOM: polymorph troll -> guardian serpent
 10009 | D:11     | Noticed a mana viper
 10009 | D:11     | a guardian serpent changed into a mana viper
 10016 | D:11     | a mana viper changed into a manticore
 10121 | D:11     | XOM: harmless Ice miscast
 10139 | D:11     | XOM: divination: magic mapping
 10339 | D:11     | XOM: divination: detect items
 10390 | D:11     | Noticed a hill giant
 10392 | D:11     | XOM: potion effect (heal wounds)
 10399 | D:11     | Killed a hill giant
 10399 | D:11     | Reached skill level 8 in Dodging
 10412 | D:11     | Noticed a cyan ugly thing
 10753 | D:11     | Noticed a hill giant
 10764 | D:11     | Killed a hill giant
 10832 | D:11     | XOM: harmless Conj miscast
 11145 | D:11     | XOM: cast spell 'Cause Fear'
 11208 | D:11     | XOM: mild Pois miscast
 11427 | D:12     | XOM: enchant monster (bad)
 11459 | D:12     | Reached skill level 9 in Dodging
 11510 | D:12     | XOM: cast spell 'Ring of Flames'
 11511 | D:12     | XOM: cast spell 'Ring of Flames'
 11572 | D:12     | XOM: mild Tloc miscast
 11684 | D:12     | XOM: divination: magic mapping
 11701 | D:12     | XOM: potion effect (berserk rage)
 11709 | D:12     | Reached skill level 10 in Dodging
 11779 | D:12     | Found Disoreolo's Food Shoppe.
 11912 | D:12     | XOM: potion effect (curing)
 11922 | D:12     | XOM: harmless Hex miscast
 12168 | D:12     | Noticed a five-headed hydra
 12168 | D:12     | XOM: potion effect (might)
 12182 | D:12     | Found a portal to a secret trove of treasure.
 12242 | D:11     | XOM: divination: detect creatures
 12249 | D:11     | XOM: potion effect (agility)
 12291 | Orc:1    | Entered Level 1 of the Orcish Mines
 12296 | Orc:1    | Reached XP level 12. HP: 106/106 MP: 12/12
 12333 | Orc:1    | Noticed RobertPalmer's ghost (powerful NaCK)
 12353 | Orc:1    | Killed RobertPalmer's ghost
 12528 | Orc:1    | Found Dopyrow's Book Shop.
 12535 | Orc:1    | Reached skill level 11 in Dodging
 12540 | Orc:1    | XOM: smoke on damage
 12622 | Orc:1    | XOM: silly message
 12659 | Orc:1    | Reached skill level 14 in Long Blades
 12687 | Orc:1    | XOM: harmless Pois miscast
 12772 | Orc:1    | Found a dark tunnel.
 12780 | Volcano  | Entered a volcano
 12902 | Volcano  | XOM: harmless Pois miscast
 12961 | Orc:1    | Found a burning altar of Makhleb.
 13134 | Lair:1   | Entered Level 1 of the Lair of Beasts
 13186 | Lair:1   | Reached skill level 2 in Armour
 13193 | Lair:1   | XOM: potion effect (might)
 13248 | Lair:1   | Reached skill level 3 in Armour
 13313 | Lair:1   | XOM: enchant monster (good)
 13328 | Lair:1   | HP: 22/106 [swamp worm (16)]
 13328 | Lair:1   | HP: 4/106 [swamp worm (18)]
 13328 | Lair:1   | Slain by a worm

Vault maps used:
D:1:      mrwooster_arrival_statue_3, minmay_close_crescents
D:3:      uniq_sigmund
D:4:      cheibriados_altar_1, minitemple, serial_curves, eino_curves_04,
          eino_curves_02, eino_curves_03, eino_curves_03, first_bread,
          serial_bayou_lake_a
D:5:      xom_teletrap_fun, lemuel_doored_altar, kennysheep_another_room,
          minivault_1, uniq_edmund
D:6:      corexii_shantytown, okawaru_altar_gauntlet_db, temple_doors_b,
          grunt_gozag_statues
D:8:      nicolae_underground_beach
D:10:     erik_lair_island, david_orc_5
D:11:     grunt_pizzeria
D:12:     nicolae_trove_entry_crystal, serial_shops, nicolae_shop_trees
Lair:1:   serial_bayou_pond_b, worms_lemuel, grunt_megastairs_4
Orc:1:    lightli_volcano_entry_magma_tube, basic_altar, serial_shops, shop
Orc:2:    basic_altar, statue_in_the_mist_lemuel
Volcano:  volcano_village

Action                   |  1- 3 |  4- 6 |  7- 9 | 10-12 || total
-------------------------+-------+-------+-------+-------++-------
Melee: Falchion          |   109 |   162 |   403 |   269 ||   943
       Long sword        |       |       |    80 |   248 ||   328
       Scimitar          |       |       |       |   163 ||   163
Throw: Javelin           |       |    28 |       |       ||    28
 Abil: Spit Poison       |     2 |     9 |    15 |       ||    26
       Breathe Poison Ga |       |       |    15 |    42 ||    57
Evoke: Wand              |       |       |       |     4 ||     4
  Use: Scroll            |     2 |     2 |    10 |    14 ||    28
       Potion            |       |     7 |       |     6 ||    13
 Stab: Sleeping          |     1 |       |       |       ||     1
       Confused          |       |     2 |       |       ||     2
       Petrifying        |       |     1 |       |       ||     1
       Paralysed         |       |       |     6 |       ||     6
  Eat: Chunk             |       |     5 |    33 |    30 ||    68

Vault maps used:
D:1:      mrwooster_arrival_statue_3, minmay_close_crescents
D:3:      uniq_sigmund
D:4:      cheibriados_altar_1, minitemple, serial_curves, eino_curves_04,
          eino_curves_02, eino_curves_03, eino_curves_03, first_bread,
          serial_bayou_lake_a
D:5:      xom_teletrap_fun, lemuel_doored_altar, kennysheep_another_room,
          minivault_1, uniq_edmund
D:6:      corexii_shantytown, okawaru_altar_gauntlet_db, temple_doors_b,
          grunt_gozag_statues
D:8:      nicolae_underground_beach
D:10:     erik_lair_island, david_orc_5
D:11:     grunt_pizzeria
D:12:     nicolae_trove_entry_crystal, serial_shops, nicolae_shop_trees
Lair:1:   serial_bayou_pond_b, worms_lemuel, grunt_megastairs_4
Orc:1:    lightli_volcano_entry_magma_tube, basic_altar, serial_shops, shop
Orc:2:    basic_altar, statue_in_the_mist_lemuel
Volcano:  volcano_village

Table legend:
 A = Turns spent in this place as a percentage of turns spent in the entire game.
 B = Non-inter-level travel turns spent in this place as a percentage of non-inter-level travel turns spent in the entire game.
 C = Inter-level travel turns spent in this place as a percentage of turns spent in this place.
 D = Turns resting spent in this place as a percentage of non-inter-level travel turns spent in this place.
 E = Turns spent auto-exploring this place as a percentage of non-inter-level travel turns spent in this place.
 F = Non-inter-level travel turns spent in this place divided by the number of levels of this place that you've seen.
                   A       B       C       D       E      F
               +-------+-------+-------+-------+-------+----------------------
         Total | 100.0 | 100.0 |   0.4 |   2.1 |   8.3 | 317.6
       Dungeon |  84.0 |  84.0 |   0.5 |   2.5 |   9.6 | 355.8
          Lair |   3.4 |   3.4 |   0.0 |   0.0 |   6.4 | 171.0
  Orcish Mines |  10.2 |  10.3 |   0.4 |   0.4 |   0.6 | 260.5
       Volcano |   2.4 |   2.4 |   0.0 |   0.0 |   0.0 | 120.0
               +-------+-------+-------+-------+-------+----------------------

Table legend:
 A = Kills in this place as a percentage of kills in entire the game.
 B = Kills by you in this place as a percentage of kills by you in the entire game.
 C = Kills by friends in this place as a percentage of kills by friends in the entire game.
 D = Other kills in this place as a percentage of other kills in the entire game.
 E = Experience gained in this place as a percentage of experience gained in the entire game.
 F = Experience gained in this place divided by the number of levels of this place that you have seen.
                   A       B       C       D       E      F
               +-------+-------+-------+-------+-------+----------------------
         Total | 100.0 | 100.0 | 100.0 | 100.0 | 100.0 | 1527.6
       Dungeon |  81.0 |  80.5 | 100.0 | 100.0 |  74.9 | 1525.2
          Lair |   4.8 |   4.9 |   0.0 |   0.0 |  11.1 | 2709.0
  Orcish Mines |  12.5 |  12.8 |   0.0 |   0.0 |   8.0 | 982.5
       Volcano |   1.8 |   1.9 |   0.0 |   0.0 |   6.0 | 1465.0
               +-------+-------+-------+-------+-------+----------------------
